AoeStats
← zamithdaniel

MegaRandom

508794968Analyzed
4v4 RM · 10d ago on Sep 24, 2026· 43m 37s· 8 players
Game mode
Random Map
Map size
Large (8 player)
Population
200
Speed
Normal
Resources
Standard
Victory
Conquest
Starting age
Dark Age
Ending age
Imperial Age
RankedLock teamsTeams togetherTeam positionsShared explorationLock speedFull tech treeHidden civsTurbo modeCheats
Victory
Defeat
🇨🇴 Turks · Colombia
975
+12
🇨🇴 Japanese · Colombia
946
+13
🇨🇴 Franks · Colombia
917
+15
🇨🇴 Magyars · Colombia
906
+15
🇺🇾 Saxons · Uruguay
915
-15
🇺🇾 Danes · Uruguay
886
-14
🇺🇾 Varangians · Uruguay
880
-13
🇲🇽 Vikings · Mexico
871
-13
vitavidal91
5:45 Loom
16:08 Feudal Age
28:14 Castle Age
32:51 Fletching
36:45 Double-Bit Axe
40:57 Forging
GuilleLeopold17
4:32 Loom
14:03 Feudal Age
19:05 Castle Age
17:48 Double-Bit Axe
20:24 Horse Collar
26:08 Fletching
27:43 Elite Skirmisher
33:22 Bodkin Arrow
34:05 Thumb Ring
34:18 Gold Mining
35:16 Scale Barding Armor
felipegarcia92
7:14 Loom
19:40 Feudal Age
19:50 Man-at-Arms
22:00 Horse Collar
27:46 Castle Age
26:15 Double-Bit Axe
27:26 Scale Mail Armor
27:38 Forging
28:01 Fletching
29:46 Wheelbarrow
31:14 Gambesons
31:30 Squires
31:01 Long Swordsman
32:41 Padded Archer Armor
34:22 Hand Cart
34:44 Husbandry
34:54 Scale Barding Armor
38:50 Thumb Ring
jesusodinson
8:19 Loom
17:26 Feudal Age
22:17 Fletching
26:15 Padded Archer Armor
30:18 Castle Age
28:30 Double-Bit Axe
30:26 Crossbowman
32:10 Bodkin Arrow
41:39 Forging
43:26 Scale Barding Armor
edwinsy22
12:34 Loom
19:29 Feudal Age
20:51 Wheelbarrow
19:39 Man-at-Arms
31:25 Castle Age
31:16 Scale Barding Armor
31:22 Forging
32:24 Hand Cart
35:31 Husbandry
38:51 Double-Bit Axe
39:04 Gold Mining
andres simijaca
14:38 Loom
17:15 Feudal Age
17:49 Double-Bit Axe
17:48 Horse Collar
21:21 Gold Mining
22:41 Man-at-Arms
27:18 Castle Age
27:38 Padded Archer Armor
27:47 Fletching
28:08 Thumb Ring
28:51 Elite Skirmisher
30:52 Bodkin Arrow
31:41 Long Swordsman
33:39 Gold Shaft Mining
34:11 Bow Saw
34:12 Arson
38:00 Leather Archer Armor
38:01 Heavy Plow
38:47 Scale Barding Armor
43:06 Scale Mail Armor
44:02 Wheelbarrow
zamithdaniel
10:02 Loom
18:39 Feudal Age
19:32 Horse Collar
19:40 Double-Bit Axe
20:51 Padded Archer Armor
20:42 Fletching
29:22 Castle Age
28:00 Gold Mining
29:54 Crossbowman
33:04 Thumb Ring
33:17 Leather Archer Armor
32:58 Bodkin Arrow
39:09 Ballistics
45:14 Imperial Age
Dovahkyn
15:37 Loom
17:43 Feudal Age
20:18 Man-at-Arms
22:14 Forging
22:07 Scale Mail Armor
23:20 Arson
29:48 Castle Age
29:55 Long Swordsman
30:36 Squires
30:22 Gambesons
31:15 Iron Casting
36:22 Chain Mail Armor
41:45 Wheelbarrow
40:56 Town Watch
40:59 Double-Bit Axe
40:56 Horse Collar
42:55 Heavy Plow
Connection lost

Rejoining the realm…

Still unreachable

The connection could not be restored.

Session expired

The server has moved on; the page needs a fresh start.